Map: Dusk Towers

Players

SuNmAN

  • Race: Terran Terran
  • League: Diamond

LilDicky - Winner!

  • Race: Terran Terran
  • League: Diamond

VOD

http://www.twitch.tv/tumescentpie

Description

Time

  • Played on: Jan. 2, 2016, 9:51 a.m.
  • Length: 9:03
Show
View Real Time Build Order
Export as new Build Order

SuNmAN Terran 

Build Orders: Reaper Expand 

Get SALT Encoding   

  12  0:00  SCV  
  13  0:13  SCV  
  14  0:18  Supply Depot  
  14  0:24  Refinery  
  14  0:28  SCV  
  15  0:41  Barracks  
  15  0:46  SCV  
  16  0:52  Refinery  
  16  0:58  SCV  
  17  1:10  SCV  
  18  1:22  SCV  
  19  1:34  Factory  
  19  1:35  Reaper  
  21  1:45  Orbital Command  
  20  1:57  Supply Depot  
  20  2:14  SCV  
  20  2:37  Command Center  
  20  2:39  SCV  
  21  2:50  Factory Tech Lab  
  21  2:56  Barracks Tech Lab  
  21  2:59  SCV  
  21  3:00  Starport  
  22  3:24  Barracks x2  
  22  3:29  Siege Tank  
  22  3:34  SCV  
  25  3:42  Starport Reactor  
  25  3:55  Orbital Command  
  25  4:12  Marine x3  
  28  4:19  Siege Tank  
  28  4:22  Medivac  
  33  4:30  Marine x3  
  36  4:33  Supply Depot  
  36  4:40  SCV x2  
  36  4:44  Refinery  
  38  4:49  Engineering Bay  
  38  4:50  Medivac  
  38  4:52  SCV  
  41  5:01  SCV  
  42  5:12  Viking  
  44  5:20  Viking  
  46  5:32  Barracks Tech Lab  
  46  5:33  Barracks Reactor  
  45  5:44  Barracks Tech Lab  
  42  5:56  Factory Tech Lab  
  38  6:07  Marauder, Marine  
  41  6:16  Siege Tank  
  41  6:18  Marine x2  
  45  6:30  Marauder  
  45  6:31  Barracks  
  44  6:50  Marine x2  
  44  6:52  Marauder  
  47  7:09  Siege Tank  
  47  7:13  Missile Turret, Marauder  
  52  7:18  Supply Depot, Marine  
  52  7:19  Barracks x2  
  53  7:24  SCV  
  54  7:34  Marauder  
  52  7:41  Marine x2  
  48  7:56  Marauder  
  41  7:59  Marine x2  
  41  8:03  SCV  
  41  8:04  SCV  
  38  8:12  Barracks Reactor  
  38  8:17  Marauder, Marine x5  
  39  8:30  Siege Tank  
  40  8:34  Marine x2  
  40  8:35  Marine x3  
  40  8:38  Marine  
Show
View Real Time Build Order
Export as new Build Order

LilDicky Terran - Winner!

Build Orders: Liberator Opening 

Get SALT Encoding   

  12  0:03  SCV  
  13  0:17  SCV  
  14  0:24  Supply Depot  
  14  0:29  SCV  
  15  0:36  Refinery  
  15  0:46  SCV  
  16  0:50  Barracks  
  16  0:58  SCV  
  17  1:10  SCV  
  18  1:23  SCV  
  19  1:37  Marine  
  19  1:38  Supply Depot  
  20  1:40  Orbital Command  
  20  1:44  Factory  
  20  1:45  Refinery  
  20  1:55  Marine  
  21  2:09  SCV  
  22  2:16  Marine  
  22  2:21  SCV  
  24  2:32  Factory Tech Lab, Starport  
  24  2:34  SCV, Marine  
  26  2:42  Supply Depot  
  26  2:46  SCV  
  27  2:51  Marine  
  27  2:53  Liberator  
  27  2:58  SCV  
  29  3:09  Siege Tank, Marine  
  36  3:27  Engineering Bay, Marine  
  36  3:28  Supply Depot  
  37  3:36  SCV  
  38  3:45  Marine  
  38  3:47  Supply Depot  
  39  3:50  Siege Tank  
  42  3:56  Viking  
  42  3:58  Missile Turret  
  44  4:03  SCV, Marine  
  44  4:05  Supply Depot  
  46  4:15  SCV  
  47  4:20  Marine  
  48  4:29  Siege Tank  
  48  4:31  Viking  
  53  4:32  SCV  
  54  4:38  Marine  
  54  4:44  SCV  
  56  4:56  SCV  
  54  5:29  Missile Turret  
  43  6:01  Liberator  
  40  6:15  Siege Tank  
  46  6:22  Marine  
  47  6:26  Missile Turret  
  47  6:46  Liberator  
  47  7:01  Siege Tank  
  47  7:07  Starport  
  50  7:10  Command Center, SCV  
  50  7:12  Refinery  
  51  7:15  Supply Depot, Refinery  
  51  7:17  Supply Depot  
  51  7:20  Marine  
  52  7:22  SCV  
  52  7:29  Liberator  
  53  7:32  Liberator  
  53  7:35  SCV  
  50  7:47  SCV  
  50  7:50  Siege Tank, Marine  
  57  8:03  SCV  
  57  8:08  Marine  
  58  8:15  SCV  
  59  8:26  Marine  
  61  8:27  SCV  
  61  8:39  SCV  
  62  8:45  Marine  
  62  8:51  SCV  
Tags
 
Add a new tag
Caveats
  • Supply blocks, unpowered buildings, or Contaminate may cause inaccurate times.
  • Supply counts are checked every 10 seconds.